 Dungeon Crawl Stone Soup version 0.30-a0-760-g5a9884bb7c (webtiles) character file.

Game seed: 9802697600872406274

97 bjtr the Digger (level 4, 0/25 HPs)
             Began as a Gargoyle Earth Elementalist on Feb 12, 2023.
             Slain by an orc
             ... wielding a +0 falchion
              (7 damage)
             ... on level 3 of the Dungeon.
             The game lasted 00:06:55 (1602 turns).

bjtr the Digger (Gargoyle Earth Elementalist)       Turns: 1602, Time: 00:06:55

Health: 0/25       AC:  5    Str: 12    XL:     4   Next: 68%
Magic:  0/7        EV: 11    Int: 17    God:
Gold:   179        SH:  3    Dex: 10    Spells: 5/8 levels left

rFire   . . .      SeeInvis .    d - staff of earth
rCold   . . .      Faith    .    e - +0 buckler
rNeg    + . .      Spirit   .    a - +0 robe
rPois   ∞          Reflect  .    (no helmet)
rElec   +          Harm     .    (no cloak)
rCorr   .          Rampage  .    (no gloves)
Will    .....                    (no boots)
Stlth   ++                       (no amulet)
HPRegen 0.24/turn                (no ring)
MPRegen 0.10/turn                (no ring)

@: no status effects
A: sickness immunity, AC +3, negative energy resistance 1, electricity
resistance, torment resistance 1, petrification resistance
a: no special abilities


You were on level 3 of the Dungeon.
You visited 1 branch of the dungeon, and saw 3 of its levels.

You collected 179 gold pieces.

Inventory:

Hand Weapons
 j - a +0 long sword
 n - a +3 dagger
Armour
 a - a +0 robe (worn)
 e - a +0 buckler (worn)
Magical Staves
 d - a staff of earth (weapon)
Scrolls
 c - 3 scrolls of teleportation {unknown}
 g - 4 scrolls of identify {unknown}
 h - a scroll of magic mapping {unknown}
 m - a scroll of enchant armour {unknown}
 o - a scroll of blinking {unknown}
 p - a scroll of fear {unknown}
Potions
 b - a potion of magic
 f - 2 potions of invisibility {unknown}
 i - a potion of flight {unknown}
 k - a potion of brilliance {unknown}
 l - a potion of haste {unknown}


   Skills:
 * Level 1.1 Fighting
 * Level 1.1 Staves
 - Level 1.5 Dodging
 + Level 2.1 Stealth
 * Level 1.3 Shields
 * Level 2.6 Spellcasting
 - Level 0.7 Transmutations
 * Level 5.0 Earth Magic
 * Level 0.2 Evocations


You had 5 spell levels left.
You knew the following spells:

 Your Spells              Type           Power      Damage    Failure   Level
a - Sandblast             Erth           56%        2d13      3%          1
b - Passwall              Tmut/Erth      14%        N/A       11%         2

Your spell library contained the following spells:

 Spells                   Type           Power      Damage    Failure   Level
 Stone Arrow              Conj/Erth      32%        3d9       26%         3
 Petrify                  Tmut/Erth      17%        N/A       58%         4


Dungeon Overview and Level Annotations

Branches:
Dungeon (3/15)

Altars:


Innate Abilities, Weirdness & Mutations

You are immune to sickness and miasma.
Your stone body is resilient. (AC +3)
You are immune to poison.
You resist negative energy. (rN+)
You are resistant to electric shocks. (rElec)
You are resistant to unholy torment.
You are immune to petrification.


Message History

The orc barely misses you. You block the orc's attack.
You barely miss the orc.
The orc is almost dead.
The orc hits you but does no damage.
You hit the orc but do no damage.
The orc is almost dead.
The orc hits you with a +0 club.
Casting: Sandblast (safe; 3% risk of failure)
Confirm with . or Enter, or press ? or * to list all spells.
Aiming: Sandblast (safe; 3% risk of failure)
Press: ? - help, Shift-Dir - straight line, f/p - orc
Aim: an orc, wielding a +0 falchion (83% to hit)
You feel a surge of power!
The blast of sand hits the orc.
You kill the orc!
You barely miss the orc. You block the orc's attack.
The orc hits you with a +0 falchion.
You hit the orc.
The orc is heavily wounded.
The dart slug briefly extends its eye-stalks.
The orc misses you.
You hit the orc.
The orc is severely wounded.
The orc hits you with a +0 falchion.
You hit the orc.
The orc is almost dead.
The orc hits you but does no damage.
You barely miss the orc.
The orc is almost dead.
The orc hits you with a +0 falchion.
* * * LOW HITPOINT WARNING * * *
Casting: Sandblast (safe; 3% risk of failure)
Confirm with . or Enter, or press ? or * to list all spells.
Aiming: Sandblast (safe; 3% risk of failure)
Press: ? - help, Shift-Dir - straight line, f - dart slug, p - orc
Aim: a dart slug (100% to hit)
You feel a surge of power!
The blast of sand misses the orc.
The blast of sand hits the dart slug!
The dart slug is almost dead.
The orc misses you. The orc hits you with a +0 falchion!
You die...

... #. ... #. ...
#. ...#. ### #.#.
#.# #.#...
#####.#
#.....####...†.#
#..wo@.....#.#
......#######.###
..... #.....#
#... #.#.#.# ...
#.#.#.# #> #
#.#.#.# #
...#####.#.#.#
#......#.#.#
+....<.#.#.#


You could see a dart slug and an orc.

Vanquished Creatures
  An orc wizard (D:3)
  2 adders (D:2)
  A worm (D:2)
  2 dart slugs
  3 orcs (D:3)
  A ball python (D:1)
  5 endoplasms
  2 giant cockroaches
  6 goblins
  4 hobgoblins
  A quokka (D:2)
  4 bats
  3 frilled lizards
  5 kobolds
  2 rats (D:2)
42 creatures vanquished.

Notes
Turn   | Place    | Note
-------+----------+-------------------------------------------
     0 | D:1      | bjtr the Gargoyle Earth Elementalist began the quest for
                  | the Orb.
     0 | D:1      | Reached XP level 1. HP: 10/10 MP: 3/3
   233 | D:1      | Reached XP level 2. HP: 15/15 MP: 3/5
   236 | D:1      | Learned a level 2 spell: Passwall
   267 | D:1      | Reached skill level 4 in Earth Magic
   833 | D:1      | Reached skill level 1 in Staves
   936 | D:2      | Reached XP level 3. HP: 19/19 MP: 3/6
  1139 | D:2      | Reached skill level 1 in Shields
  1270 | D:2      | Reached XP level 4. HP: 24/24 MP: 5/7
  1586 | D:3      | Reached skill level 1 in Fighting
  1587 | D:3      | Reached skill level 5 in Earth Magic
  1602 | D:3      | Slain by an orc

Illustrated notes

Levels and vault maps discovered:
D:1:      minmay_arrival_hallway, layout_loops_corners, dreamdust_wishing_well,
          kennysheep_another_room
D:2:      layout_basic
D:3:      mumra_celtic_spiral_tile, layout_basic, mainiacjoe_overflow_catwalk,
          mainiacjoe_overflow_alcove_1, led_xom_imps,
          nicolae_overflow_crystal_walls, serial_shops,
          nicolae_shop_hallway_plus

Skill      XL: |  1  2  3  4 |
---------------+-------------+-----
Earth Magic    | 4 5 |  5.0
Staves         | 1 |  1.1
Shields        | 1 |  1.3
Fighting       | 1 |  1.1
Dodging        | |  1.5
Stealth        | |  2.1
Spellcasting   | |  2.6
Transmutations | |  0.7
Evocations     | |  0.2

Action                     |  1- 3 |  4- 6 || total
---------------------------+-------+-------++-------
  Melee: Staff             |     4 |    26 ||    30
   Cast: Sandblast         |    37 |    15 ||    52
 Armour: Robe              |     4 |    13 ||    17
  Dodge: Dodged            |     5 |    18 ||    23
  Block: Buckler           |     2 |     6 ||     8

Table legend: (Time is in decaauts)
 A = Elapsed time spent in this place.
 B = Non-inter-level travel time spent in this place.
 C = Inter-level travel time spent in this place.
 D = Time resting spent in this place.
 E = Time spent auto-exploring this place.
 F = Levels seen in this place.
 G = Mean time per level.
                   A        B        C        D        E       F      G
               +--------+--------+--------+--------+--------+-----+--------+
         Total |   1632 |   1614 |     18 |      0 |   1278 |   3 |  544.0 |
       Dungeon |   1632 |   1614 |     18 |      0 |   1278 |   3 |  544.0 |
               +--------+--------+--------+--------+--------+-----+--------+

Top non-repeatable levels by time:
     D:1: 938 daAuts
     D:2: 613 daAuts
     D:3: 80 daAuts
